MLB
WASHINGTON NATIONALS @ CINCINNATI REDS
08/09/2098
 
TOP OF THE 1ST
Washington Nationals batting - Pitching for Cincinnati Reds : LHP Matt Bell
Pitching: LHP Matt Bell
Batting: RHB Luis Rivera 0-0: Called Strike
0-1: Called Strike
0-2: Strikes out looking
Batting: RHB Alan Cecil 0-0: Called Strike
0-1: Ground out 5-3 (Groundball, 56, EV 103.8 MPH)
Batting: LHB Bubba Main 0-0: Ball
1-0: Fly out, F7 (Flyball, 7, EV 95.6 MPH)
Top of the 1st over - 0 runs, 0 hits, 0 errors, 0 left on base; Washington 0 - Cincinnati 0
BOTTOM OF THE 1ST
Cincinnati Reds batting - Pitching for Washington Nationals : RHP Kyle Barr
Pitching: RHP Kyle Barr
Batting: LHB Jonathan Nelson 0-0: Called Strike
0-1: Foul Ball, location: 7LMF
0-2: Fly out, F7 (Flyball, 7LM, EV 105.0 MPH)
Batting: RHB Dave Truax 0-0: Foul Ball, location: 2F
0-1: Fly out, F8 (Line Drive, 8RD, EV 96.9 MPH)
Batting: LHB Steve Carbone 0-0: Called Strike
0-1: Ball
1-1: Called Strike
1-2: Fly out, F9 (Flyball, 9S, EV 79.4 MPH)
Bottom of the 1st over - 0 runs, 0 hits, 0 errors, 0 left on base; Washington 0 - Cincinnati 0
TOP OF THE 2ND
Washington Nationals batting - Pitching for Cincinnati Reds : LHP Matt Bell
Batting: RHB Jon Young 0-0: Swinging Strike
0-1: Ball
1-1: Ball
2-1: Ball
3-1: Called Strike
3-2: Strikes out swinging
Batting: RHB Jose Orozco 0-0: Ball
1-0: Ground out 6-3 (Groundball, 6, EV 104.4 MPH)
Batting: LHB Jose Lara 0-0: Called Strike
0-1: Called Strike
0-2: Foul Ball, location: 7LSF
0-2: Ball
1-2: Ball
2-2: Strikes out swinging
Top of the 2nd over - 0 runs, 0 hits, 0 errors, 0 left on base; Washington 0 - Cincinnati 0
BOTTOM OF THE 2ND
Cincinnati Reds batting - Pitching for Washington Nationals : RHP Kyle Barr
Batting: RHB Erik Schmidt 0-0: Called Strike
0-1: Ball
1-1: Ball
2-1: Foul Ball, location: 2F
2-2: Ball
3-2: Base on Balls
Batting: RHB Jesus Najera 0-0: Ball
1-0: Called Strike
Erik Schmidt steals 2nd base
1-1: Called Strike
1-2: SINGLE (Flyball, 78S, EV 95.0 MPH)
Erik Schmidt to third
Batting: RHB Tim Mercer 0-0: Ball
Jesus Najera steals 2nd base
1-0: Foul Ball, location: 5F
1-1: Called Strike
1-2: Strikes out looking
Batting: RHB Earl Boivin 0-0: Called Strike
0-1: Ground out 4-3 (Groundball, 4, EV 101.9 MPH)
Erik Schmidt scores
Jesus Najera to third
Batting: RHB B.J. Illiano 0-0: Ball
1-0: Foul Ball, location: 2F
1-1: Foul Ball, location: 9LSF
1-2: Ball
2-2: Fly out, F9 (Line Drive, 89M, EV 100.0 MPH)
Bottom of the 2nd over - 1 run, 1 hit, 0 errors, 1 left on base; Washington 0 - Cincinnati 1
TOP OF THE 3RD
Washington Nationals batting - Pitching for Cincinnati Reds : LHP Matt Bell
Batting: RHB Mario Garcia 0-0: Called Strike
0-1: Ball
1-1: Ball
2-1: Foul Ball, location: 2F
2-2: Ball
3-2: Strikes out swinging
Batting: RHB Juan Lozano 0-0: Fly out, F8 (Flyball, 8RXD, EV 91.3 MPH)
Batting: LHB Sean Weaver 0-0: Swinging Strike
0-1: Foul Ball, location: 7LMF
0-2: Ball
1-2: Strikes out looking
Top of the 3rd over - 0 runs, 0 hits, 0 errors, 0 left on base; Washington 0 - Cincinnati 1
BOTTOM OF THE 3RD
Cincinnati Reds batting - Pitching for Washington Nationals : RHP Kyle Barr
Batting: RHB Ricky Correa 0-0: Called Strike
0-1: Foul Ball, location: 23FF
0-2: Foul Ball, location: 2F
0-2: Fly out, F9 (Line Drive, 9, EV 94.4 MPH)
Batting: LHB Jonathan Nelson 0-0: Foul Ball, location: 2F
0-1: Ball
1-1: Swinging Strike
1-2: Ball
2-2: Ball
3-2: DOUBLE (Groundball, 3L, EV 103.8 MPH)
Batting: RHB Dave Truax 0-0: Foul Ball, location: 2LF
0-1: Foul Ball, location: 3F
0-2: DOUBLE (Flyball, 89XD, EV 95.0 MPH)
Jonathan Nelson scores
Batting: LHB Steve Carbone 0-0: Foul Ball, location: 2RF
0-1: Ball
1-1: Ball
2-1: Ball
3-1: Fly out, F9 (Line Drive, 9D, EV 95.6 MPH)
Batting: RHB Erik Schmidt 0-0: TRIPLE (Flyball, 78XD, EV 88.1 MPH)
Dave Truax scores
Batting: RHB Jesus Najera 0-0: Called Strike
0-1: Ball
1-1: Ball
2-1: Swinging Strike
2-2: Strikes out swinging
Bottom of the 3rd over - 2 runs, 3 hits, 0 errors, 1 left on base; Washington 0 - Cincinnati 3
TOP OF THE 4TH
Washington Nationals batting - Pitching for Cincinnati Reds : LHP Matt Bell
Batting: RHB Luis Rivera 0-0: Bunt missed!
0-1: Ground out 2-3 (Groundball, 15S, EV 66.9 MPH)
Batting: RHB Alan Cecil 0-0: Called Strike
0-1: Foul Ball, location: 7LDF
0-2: Ball
1-2: TRIPLE (Line Drive, 89XD, EV 105.0 MPH)
Batting: LHB Bubba Main 0-0: Called Strike
0-1: SINGLE (Line Drive, 3D, EV 97.5 MPH)
Alan Cecil scores
Batting: RHB Jon Young 0-0: Ball
Wild Pitch!
Bubba Main to second
1-0: 2-RUN HOME RUN (Flyball, 7D, EV 98.1 MPH), Distance : 375 ft
Batting: RHB Jose Orozco 0-0: Foul Ball, location: 2F
0-1: Called Strike
0-2: Foul Ball, location: 9LMF
0-2: Ball
1-2: Strikes out swinging
Batting: LHB Jose Lara 0-0: Called Strike
0-1: Foul Ball, location: 2F
0-2: Reached on error, E6 (Groundball, P, EV 89.4 MPH)
Batting: RHB Mario Garcia 0-0: Ball
1-0: Called Strike
1-1: Foul Ball, location: 2F
1-2: Foul Ball, location: 2LF
1-2: Ball
2-2: SINGLE (Line Drive, 89S, EV 105.6 MPH)
Jose Lara to second
Runner from 2nd tries for 3rd, SAFE, no throw by RF
Batting: RHB Juan Lozano 0-0: Ball
1-0: SINGLE (Line Drive, 89S, EV 88.1 MPH)
Jose Lara scores
Mario Garcia to second
Runner from 2nd tries for 3rd, SAFE, throw by CF made to third
Batting: LHB Sean Weaver 0-0: Foul Ball, location: 5FF
0-1: Swinging Strike
0-2: Ball
1-2: Ball
2-2: Strikes out swinging
Top of the 4th over - 4 runs, 5 hits, 1 error, 2 left on base; Washington 4 - Cincinnati 3
BOTTOM OF THE 4TH
Cincinnati Reds batting - Pitching for Washington Nationals : RHP Kyle Barr
Batting: RHB Tim Mercer 0-0: Ground out 5-3 (Groundball, 56, EV 81.3 MPH)
Batting: RHB Earl Boivin 0-0: Ball
1-0: Ball
2-0: Ball
3-0: Called Strike
3-1: Foul Ball, location: 25FF
3-2: Base on Balls
Batting: RHB B.J. Illiano 0-0: Ball
1-0: Ball
2-0: Foul Ball, location: 3DF
2-1: Grounds into double play, 5-4-3 (Groundball, 5L, EV 88.8 MPH)
Bottom of the 4th over - 0 runs, 0 hits, 0 errors, 0 left on base; Washington 4 - Cincinnati 3
TOP OF THE 5TH
Washington Nationals batting - Pitching for Cincinnati Reds : LHP Matt Bell
Batting: RHB Luis Rivera 0-0: Called Strike
0-1: Called Strike
0-2: Ball
1-2: Strikes out swinging
Batting: RHB Alan Cecil 0-0: Ball
1-0: Ball
2-0: SINGLE (Line Drive, 4D, EV 99.4 MPH)
Batting: LHB Bubba Main 0-0: Called Strike
0-1: Ball
1-1: Ball
2-1: Foul Ball, location: 9LMF
2-2: Strikes out swinging
Pitching: RHP Dustin Guerin
Batting: RHB Jon Young 0-0: Ball
1-0: Called Strike
Alan Cecil is caught stealing 2nd base 2-4
Top of the 5th over - 0 runs, 1 hit, 0 errors, 0 left on base; Washington 4 - Cincinnati 3
BOTTOM OF THE 5TH
Cincinnati Reds batting - Pitching for Washington Nationals : RHP Kyle Barr
Batting: RHB Ricky Correa 0-0: Ball
1-0: Ball
2-0: Called Strike
2-1: Ball
3-1: Called Strike
3-2: Base on Balls
Batting: LHB Jonathan Nelson 0-0: Called Strike
0-1: Ball
1-1: Swinging Strike
1-2: Foul Ball, location: 7LDF
1-2: Ball
2-2: Foul Ball, location: 2F
2-2: Fly out, F8 (Flyball, 8RS, EV 99.4 MPH)
Batting: RHB Dave Truax 0-0: Swinging Strike
0-1: Ball
1-1: Ball
2-1: Fly out, F8 (Flyball, 8LXD, EV 99.4 MPH)
Batting: LHB Steve Carbone 0-0: Called Strike
0-1: Swinging Strike
0-2: Foul Ball, location: 2F
0-2: SINGLE (Flyball, 78S, EV 84.4 MPH)
Ricky Correa to second
Batting: RHB Erik Schmidt 0-0: Foul Ball, location: 2F
0-1: Ball
1-1: SINGLE (Groundball, 15S, EV 64.4 MPH) (infield hit)
Ricky Correa to third
Steve Carbone to second
Pitching: RHP John Skinner
Batting: RHB Jesus Najera 0-0: Swinging Strike
0-1: Ball
1-1: Swinging Strike
1-2: Foul Ball, location: 7LSF
1-2: Strikes out swinging
Bottom of the 5th over - 0 runs, 2 hits, 0 errors, 3 left on base; Washington 4 - Cincinnati 3
TOP OF THE 6TH
Washington Nationals batting - Pitching for Cincinnati Reds : RHP Dustin Guerin
Batting: RHB Jon Young 0-0: Foul Ball, location: 2F
0-1: Foul Ball, location: 9LDF
0-2: Ball
1-2: Foul Ball, location: 2F
1-2: Strikes out swinging, 2-3 out at first.
Batting: RHB Jose Orozco 0-0: Foul Ball, location: 2F
0-1: Called Strike
0-2: Ball
1-2: Ball
2-2: Strikes out looking
Batting: LHB Jose Lara 0-0: Foul Ball, location: 5FF
0-1: Foul Ball, location: 2F
0-2: Ball
1-2: Foul Ball, location: 2F
1-2: Strikes out looking
Top of the 6th over - 0 runs, 0 hits, 0 errors, 0 left on base; Washington 4 - Cincinnati 3
BOTTOM OF THE 6TH
Cincinnati Reds batting - Pitching for Washington Nationals : RHP John Skinner
Batting: RHB Tim Mercer 0-0: Ball
1-0: Foul Ball, location: 2LF
1-1: Foul Ball, location: 2LF
1-2: Ball
2-2: Foul Ball, location: 9LMF
2-2: SOLO HOME RUN (Flyball, 7D, EV 94.4 MPH), Distance : 375 ft
Batting: RHB Earl Boivin 0-0: Called Strike
0-1: Ball
1-1: Ball
2-1: Called Strike
2-2: Ball
3-2: Ground out 4-3 (Groundball, 34, EV 110.0 MPH)
Batting: RHB B.J. Illiano 0-0: Swinging Strike
0-1: SINGLE (Groundball, 34D, EV 100.0 MPH)
Batting: RHB Ricky Correa 0-0: Grounds into double play, 3-6-1 (Groundball, 3, EV 91.3 MPH)
Bottom of the 6th over - 1 run, 2 hits, 0 errors, 0 left on base; Washington 4 - Cincinnati 4
TOP OF THE 7TH
Washington Nationals batting - Pitching for Cincinnati Reds : RHP Dustin Guerin
Batting: RHB Mario Garcia 0-0: Foul Ball, location: 7LMF
0-1: Ball
1-1: Ball
2-1: Called Strike
2-2: Strikes out swinging
Pinch Hitting: LHB Juan Chavez 0-0: Ball
1-0: Called Strike
1-1: Called Strike
1-2: Strikes out looking
Batting: LHB Sean Weaver 0-0: Swinging Strike
0-1: Swinging Strike
0-2: Foul Ball, location: 2F
0-2: Ball
1-2: Strikes out swinging
Top of the 7th over - 0 runs, 0 hits, 0 errors, 0 left on base; Washington 4 - Cincinnati 4
BOTTOM OF THE 7TH
Cincinnati Reds batting - Pitching for Washington Nationals : RHP John Skinner
Pitching: RHP Tomas Diaz
Now at SS: Kyle Spencer
Batting: LHB Jonathan Nelson 0-0: Ball
1-0: Fly out, F9 (Flyball, 89M, EV 84.4 MPH)
Batting: RHB Dave Truax 0-0: Foul Ball, location: 25F
0-1: Ball
1-1: Foul Ball, location: 2F
1-2: Ball
2-2: Ground out 4-3 (Groundball, P, EV 91.9 MPH)
Batting: LHB Steve Carbone 0-0: Called Strike
0-1: Ball
1-1: Called Strike
1-2: Ball
2-2: SINGLE (Groundball, 6D, EV 98.8 MPH)
Pinch Hitting: SHB Jamie Moore 0-0: Ground out 4-3 (Groundball, 4, EV 85.6 MPH)
Bottom of the 7th over - 0 runs, 1 hit, 0 errors, 1 left on base; Washington 4 - Cincinnati 4
TOP OF THE 8TH
Washington Nationals batting - Pitching for Cincinnati Reds : RHP Dustin Guerin
Pitching: RHP Mike Yates
Now at 2B: Eddie Enright
Now at 3B: Earl Boivin
Pinch Hitting: RHB Isaiah Williams 0-0: Ball
1-0: Called Strike
1-1: Foul Ball, location: 2F
1-2: Ball
2-2: Ball
3-2: Fly out, F2 (Popup, 25F, EV 87.5 MPH)
Batting: RHB Alan Cecil 0-0: SINGLE (Groundball, 34S, EV 67.5 MPH) (infield hit)
Batting: LHB Bubba Main 0-0: Ball
1-0: Ball
2-0: Called Strike
2-1: Called Strike
2-2: Ground out 4-3 (Groundball, 4D, EV 95.6 MPH)
Alan Cecil to second
Batting: RHB Jon Young 0-0: Ball
1-0: Foul Ball, location: 23FF
1-1: Called Strike
1-2: Ball
2-2: Strikes out swinging
Top of the 8th over - 0 runs, 1 hit, 0 errors, 1 left on base; Washington 4 - Cincinnati 4
BOTTOM OF THE 8TH
Cincinnati Reds batting - Pitching for Washington Nationals : RHP Tomas Diaz
Now in CF: Jon Young
Now in RF: Isaiah Williams
Batting: RHB Jesus Najera 0-0: Ball
1-0: Ball
2-0: Swinging Strike
2-1: Fly out, F8 (Flyball, 8LD, EV 99.4 MPH)
Batting: RHB Tim Mercer 0-0: Ball
1-0: Called Strike
1-1: Foul Ball, location: 9LSF
1-2: Foul Ball, location: 5SF
1-2: Foul Ball, location: 25FF
1-2: Strikes out looking
Batting: RHB Earl Boivin 0-0: Ball
1-0: Ball
2-0: Ball
3-0: Called Strike
3-1: Foul Ball, location: 23FF
3-2: Foul Ball, location: 9LMF
3-2: Base on Balls
Pitching: LHP Dave Driskill
Batting: RHB B.J. Illiano 0-0: Ball
1-0: Called Strike
1-1: Called Strike
1-2: Strikes out swinging
Bottom of the 8th over - 0 runs, 0 hits, 0 errors, 1 left on base; Washington 4 - Cincinnati 4
TOP OF THE 9TH
Washington Nationals batting - Pitching for Cincinnati Reds : RHP Mike Yates
Batting: RHB Jose Orozco 0-0: Ball
1-0: Ground out 6-3 (Groundball, 6, EV 97.5 MPH)
Batting: LHB Jose Lara 0-0: Ball
1-0: Foul Ball, location: 2F
1-1: Called Strike
1-2: Ball
2-2: Strikes out swinging passed ball, reaches first!
Pitching: RHP Israel Castillo
Batting: RHB Mario Garcia 0-0: Ball
1-0: Called Strike
1-1: Called Strike
1-2: Foul Ball, location: 9LSF
1-2: Fly out, F7 (Flyball, 78S, EV 93.1 MPH)
Batting: SHB Kyle Spencer 0-0: Called Strike
0-1: Called Strike
0-2: Ball
1-2: Strikes out swinging
Top of the 9th over - 0 runs, 0 hits, 0 errors, 1 left on base; Washington 4 - Cincinnati 4
BOTTOM OF THE 9TH
Cincinnati Reds batting - Pitching for Washington Nationals : LHP Dave Driskill
Batting: RHB Ricky Correa 0-0: Ball
1-0: Ball
2-0: Ball
3-0: Called Strike
3-1: Foul Ball, location: 5DF
3-2: Foul Ball, location: 2F
3-2: SINGLE (Line Drive, 78S, EV 100.6 MPH)
Batting: RHB Jamie Schexnider 0-0: Swinging Strike
0-1: Ball
1-1: Swinging Strike
1-2: Strikes out swinging
Batting: RHB Dave Truax 0-0: SINGLE (Line Drive, 8LS, EV 108.8 MPH)
Ricky Correa to second
Batting: LHB Steve Carbone 0-0: Ball
1-0: SINGLE (Groundball, 4MD, EV 103.1 MPH)
Ricky Correa to third
Dave Truax to second
Runner from 3rd tries for Home, SAFE, throw by CF to home
Bottom of the 9th over - 1 run, 3 hits, 0 errors, 2 left on base; Washington 4 - Cincinnati 5
Friday, April 12th , 2024 - OOTP Baseball 24.11 Build 85